 Dungeon Crawl Stone Soup version 0.22-a0-776-ge6d7efa (webtiles) character file.

455 Amnesiac the Digger (level 6, 0/41 HPs)
             Began as a Demonspawn Earth Elementalist on July 18, 2018.
             Succumbed to an orc's poison
             ... on level 3 of the Dungeon.
             The game lasted 00:07:16 (2297 turns).

Amnesiac the Digger (Demonspawn Earth Elementalist) Turns: 2297, Time: 00:07:17

Health: 0/41       AC:  5    Str:  8    XL:     6   Next: 76%
Magic:  5/11       EV: 13    Int: 24    God:
Gold:   120        SH:  0    Dex: 13    Spells: 5/12 levels left

rFire    . . .     SeeInvis .   g - +0 dagger
rCold    . . .     Gourm    .   (no shield)
rNeg     . . .     Faith    .   c - +0 robe
rPois    .         Spirit   .   (helmet restricted)
rElec    .         Reflect  .   k - +0 cloak
rCorr    .         Harm     .   (no gloves)
MR       .....                  (no boots)
Stlth    ++........             (no amulet)
HPRegen  0.13/turn              (no ring)
MPRegen  0.12/turn              (no ring)

@: brilliant, lethally poisoned (0 -> -5), very slightly contaminated
A: antennae 1, icy blue scales 1, demonic guardian 1
a: no special abilities


You were on level 3 of the Dungeon.
You were very hungry.

You visited 1 branch of the dungeon, and saw 4 of its levels.

You collected 120 gold pieces.

Inventory:

Hand Weapons
 g - a +0 dagger (weapon)
Missiles
 b - 5 stones (quivered)
Armour
 c - a +0 robe (worn)
 k - a +0 cloak (worn)
 n - a scarf of resistance
Wands
 o - a wand of random effects (35)
Scrolls
 e - 2 scrolls of identify {!r, unknown}
 f - a scroll of fear {!r, unknown}
 h - a scroll of noise {!r, unknown}
 l - 2 scrolls of remove curse {!r, unknown}
 m - a scroll of amnesia {!r, unknown}
Potions
 i - 2 potions of might {!q}
Comestibles
 d - 7 rations


   Skills:
 - Level 2.0 Short Blades
 - Level 2.4 Dodging
 - Level 2.0 Stealth
 + Level 3.7 Spellcasting
 - Level 1.0 Transmutations
 * Level 5.3 Earth Magic


You had 5 spell levels left.
You knew the following spells:

 Your Spells              Type           Power        Failure   Level  Hunger
a - Sandblast             Erth           #####.       1%          1    None
b - Passwall              Tmut/Erth      ####....     1%          2    #......
e - Petrify               Tmut/Erth      ####....     3%          4    ####...

Your spell library contained the following spells:

 Spells                   Type           Power        Failure   Level  Hunger
 Stone Arrow              Conj/Erth      ####..       1%          3    ###....
 Lee's Rapid Deconstruct  Erth           #####.....   3%          5    ######.


Dungeon Overview and Level Annotations

Branches:
Dungeon (4/15)
 Temple: D:4-7

Altars:
Kikubaaqudgha
Makhleb
Trog
Vehumet

Shops:
D:4 *


Innate Abilities, Weirdness & Mutations

You have a pair of small antennae on your head.
You are partially covered in icy blue scales. (AC +2)
A weak demonic guardian rushes to your aid.


Message History

The giant cockroach is lightly wounded.
* * * LOW HITPOINT WARNING * * *
You feel sick. The giant cockroach barely misses you.
The giant cockroach bites you but does no damage.
You closely miss the giant cockroach.
* * * LOW HITPOINT WARNING * * *
You feel sick. The giant cockroach closely misses you.
The giant cockroach barely misses you.
You closely miss the giant cockroach.
The giant cockroach is lightly wounded.
* * * LOW HITPOINT WARNING * * *
You feel sick. The giant cockroach closely misses you.
The giant cockroach bites you but does no damage.
You closely miss the giant cockroach.
* * * LOW HITPOINT WARNING * * *
You feel sick.
The giant cockroach completely misses you.
The giant cockroach closely misses you.
You hit the giant cockroach.
The giant cockroach is severely wounded.
* * * LOW HITPOINT WARNING * * *
You feel sick.
The giant cockroach completely misses you.
The giant cockroach closely misses you.
You barely miss the giant cockroach.
* * * LOW HITPOINT WARNING * * *
You feel sick. The giant cockroach misses you.
The giant cockroach closely misses you.
You closely miss the giant cockroach.
The giant cockroach is severely wounded.
The giant cockroach barely misses you. x2
You barely miss the giant cockroach.
* * * LOW HITPOINT WARNING * * *
You feel sick. The giant cockroach bites you.
* * * LOW HITPOINT WARNING * * *
The giant cockroach misses you. The giant cockroach barely misses you.
You hit the giant cockroach but do no damage.
The giant cockroach is severely wounded.
* * * LOW HITPOINT WARNING * * *
You feel sick. The giant cockroach misses you.
The giant cockroach barely misses you.
Okay, then.
Okay, then.
You hit the giant cockroach.
The giant cockroach is lightly wounded.
The giant cockroach misses you. The giant cockroach barely misses you.
You hit the giant cockroach but do no damage.
The giant cockroach is severely wounded.
* * * LOW HITPOINT WARNING * * *
You feel sick. The giant cockroach closely misses you.
The giant cockroach bites you but does no damage.
You hit the giant cockroach.
The giant cockroach is heavily wounded.
* * * LOW HITPOINT WARNING * * *
You feel sick.
The giant cockroach bites you but does no damage.
The giant cockroach misses you.
You hit the giant cockroach but do no damage.
The giant cockroach is heavily wounded.
The giant cockroach bites you but does no damage. x2
The giant cockroach barely misses you.
You hit the giant cockroach.
The giant cockroach is almost dead.
You die...

...#.#.#####.# #...... ..#....)
#.# #.###.. ..##.## #.###.# #..
#..... #.#(..# #..
##..#.#####.#.#####..
#...#.##....#.....#..
###.#......########.#..
#...#.s)........# #.#.. ######
###.#.@s#.#.###.# #.#..
#....#######.#.#.......#.###.###
#.#..........#.#.............#
#.#..#########.##..###########
#....# #....#.............#
###..# #.##.###..########.#
##.####.##........# ####.#
#.#....#######...# #....#
#.#.#### #...# #.####


You could see 2 giant cockroaches.

Vanquished Creatures
  Duvessa (D:4)
  An ogre (D:4)
  Dowan (D:4)
  Ijyb (D:4)
  An orc wizard (D:4)
  A worker ant (D:4)
  6 adders
  2 adder skeletons (D:4)
  A worm (D:3)
  2 dart slugs (D:1)
  5 orcs
  2 ball pythons
  2 bats (D:1)
  2 giant cockroaches
  3 goblins
  5 hobgoblins
  2 jackals (D:1)
  7 kobolds
  A quokka (D:3)
  2 frilled lizards
  A rat (D:1)
49 creatures vanquished.

Vanquished Creatures (collateral kills)
  A scorpion (D:4)
  A hound (D:4)
  An orc wizard (D:4)
  An orc (D:4)
4 creatures vanquished.

Grand Total: 53 creatures vanquished

Notes
Turn   | Place    | Note
-------+----------+-------------------------------------------
     0 | D:1      | Amnesiac the Demonspawn Earth Elementalist began the quest for the Orb.
     0 | D:1      | Reached XP level 1. HP: 13/13 MP: 3/3
    60 | D:1      | Gained mutation: A weak demonic guardian rushes to your aid. [demonic ancestry]
    60 | D:1      | Reached XP level 2. HP: 15/19 MP: 0/5
    64 | D:1      | Learned a level 2 spell: Passwall
   117 | D:1      | Reached skill level 3 in Earth Magic
   352 | D:1      | Reached skill level 1 in Transmutations
   461 | D:2      | Reached XP level 3. HP: 7/24 MP: 0/6
   837 | D:4      | Reached skill level 1 in Short Blades
   837 | D:4      | Reached XP level 4. HP: 30/30 MP: 3/7
   880 | D:4      | Noticed an orc warrior
  1063 | D:3      | Gained mutation: You have a pair of small antennae on your head. [demonic ancestry]
  1063 | D:3      | Reached XP level 5. HP: 35/35 MP: 9/9
  1132 | D:3      | Reached skill level 4 in Earth Magic
  1298 | D:3      | Learned a level 4 spell: Petrify
  1351 | D:3      | Found an ancient bone altar of Kikubaaqudgha.
  1353 | D:3      | Found a burning altar of Makhleb.
  1355 | D:3      | Found a radiant altar of Vehumet.
  1756 | D:4      | Noticed Ijyb
  1768 | D:4      | Killed Ijyb
  1805 | D:4      | Found a bloodstained altar of Trog.
  1822 | D:4      | Gained mutation: You are partially covered in icy blue scales. (AC +2) [demonic ancestry]
  1822 | D:4      | Reached XP level 6. HP: 38/41 MP: 10/10
  1828 | D:4      | Found Fuiddib's Serpentskin Sales.
  1862 | D:4      | Noticed Duvessa
  1862 | D:4      | Noticed Dowan
  1877 | D:4      | Killed Dowan
  2180 | D:4      | Reached skill level 5 in Earth Magic
  2193 | D:4      | Killed Duvessa
  2292 | D:3      | HP: 2/41 [poisoned by an orc]
  2297 | D:3      | Succumbed to an orc's poison

Vault maps used:
D:1:      lemuel_arrival_room, minmay_misc_feat_rows
D:2:      old_standard_altar
D:3:      grunt_temple_overflow_diamond, first_ration,
          minmay_misc_feat_more_columns, corner_web_ring
D:4:      overflow_temple_1_default, guppyfry_shop_venom, uniq_duvessa,
          uniq_ijyb

Skill      XL: |  1  2  3  4  5  6 |
---------------+-------------------+-----
Stealth        | 2 |  2.0
Dodging        | 2 |  2.4
Earth Magic    | 3 4 5 |  5.3
Transmutations | 1 |  1.0
Short Blades   | 1 2 |  2.0
Spellcasting   | 3 |  3.7

Action                   |  1- 3 |  4- 6 || total
-------------------------+-------+-------++-------
Melee: Unarmed           |    12 |       ||    12
       Dagger            |    23 |    89 ||   112
Throw: Stone             |       |     1 ||     1
 Cast: Sandblast         |    41 |    37 ||    78
       Passwall          |       |     5 ||     5
       Petrify           |       |     3 ||     3
  Use: Potion            |       |     4 ||     4
 Stab: Sleeping          |     1 |     2 ||     3
       Petrified         |       |     6 ||     6
  Eat: Chunk             |       |     5 ||     5
Armor: Robe              |    22 |    25 ||    47
Dodge: Dodged            |    50 |    81 ||   131

Table legend:
 A = Spawn XP
 B = Non-spawn XP
 C = Spawn XP percentage of total XP
 D = Spawn monster count
 E = Non-spawn monster count
 F = Spawn count percentage of total count
 G = Total turns spent on level
                    A         B        C        D         E        F      G
               +---------+---------+-------+---------+---------+-------+---------
         Total |       0 |     651 |   0.0 |       0 |      53 |   0.0 |  2297
               +---------+---------+-------+---------+---------+-------+---------
           D:1 |       0 |      36 |   0.0 |       0 |      19 |   0.0 |   455
           D:2 |       0 |      31 |   0.0 |       0 |       5 |   0.0 |   237
           D:3 |       0 |      61 |   0.0 |       0 |      13 |   0.0 |   793
           D:4 |       0 |     523 |   0.0 |       0 |      16 |   0.0 |   812
               +---------+---------+-------+---------+---------+-------+---------
